 Dungeon Crawl Stone Soup version 0.25-a0-310-g60f0ac2 (webtiles) character file.

Game seed: 10808852759391302296, levelgen mode: deterministic

203 Birdy the Ruffian (level 5, 0/47 HPs)
             Began as a Draconian Fighter on Dec 24, 2019.
             Engulfed by a cloud of flame (24 damage)
             ... on level 1 of the Dungeon.
             The game lasted 00:08:43 (3837 turns).

Birdy the Ruffian (Draconian Fighter)               Turns: 3837, Time: 00:08:44

Health: 0/47       AC:  7    Str: 20    XL:     5   Next: 51%
Magic:  5/5        EV: 14    Int: 13    God:
Gold:   309        SH: 10    Dex: 10    Spells: 4/4 levels left

rFire    . . .     SeeInvis .     - Unarmed
rCold    . . .     Gourm    .   a - +1 shield
rNeg     . . .     Faith    .   (armour unavailable)
rPois    .         Spirit   .   (helmet restricted)
rElec    .         Reflect  .   m - +0 cloak
rCorr    +         Harm     .   e - +0 pair of gloves
MR       .....                  (no boots)
Stlth    +.........             (no amulet)
HPRegen  0.15/turn              d - +4 ring of evasion
MPRegen  0.09/turn              q - ring of resist corrosion

@: brilliant, flying
A: unfitting armour, cold-blooded, AC +5
a: no special abilities


You were on level 1 of the Dungeon.
You were near starving.

You visited 1 branch of the dungeon, and saw 4 of its levels.
You also visited: Sewer.

You collected 309 gold pieces.

Inventory:

Armour
 a - a +1 shield (worn)
 e - a +0 pair of gloves (worn)
 m - a +0 cloak (worn)
Jewellery
 d - a +4 ring of evasion (left hand)
 f - an uncursed ring of ice
 q - a ring of resist corrosion (right hand)
Scrolls
 h - 2 scrolls of enchant armour
 j - a scroll of magic mapping
Potions
 b - 3 potions of might
 g - 4 potions of curing
 i - a potion of heal wounds
 l - a potion of brilliance
 n - 2 potions of magic
Comestibles
 c - 6 rations


   Skills:
 + Level 4.7 Fighting
 - Level 2.6 Dodging
 - Level 3.0 Shields
 * Level 4.9 Unarmed Combat


You had 4 spell levels left.
You didn't know any spells.
Your spell library was empty.

Dungeon Overview and Level Annotations

Branches:
Dungeon (4/15)              Sewer (visited)
 Temple: D:4-7

Altars:
Yredelemnul

Annotations:
D:3 2 transporters, wampuh's ghost, weakling DsGl


Innate Abilities, Weirdness & Mutations

Your plain brown scales are hard. (AC +5)
You cannot fit into any form of body armour.
You are cold-blooded and may be slowed by cold attacks.


Message History

You are near starving!
You start waiting.
Done waiting.
As you read the scroll labeled TEGRAVVYOV, it crumbles to dust.
It is a scroll of identify.
i - a potion of heal wounds
As you read the scroll labeled JUNOGIDWIE, it crumbles to dust.
You assume a fearsome visage.
Nothing appears to happen.
It was a scroll of fear.
Really walk into a travel-excluded area?
It was a potion of brilliance.
You feel clever all of a sudden.
It was a potion of magic.
Magic courses through your body.
It was a potion of flight.
You feel very buoyant.
You fly up into the air.
You are engulfed in blazing flames.
You are engulfed in blazing flames.
Ouch! That really hurt!
You die...

#.#................##########
#.#................#
#####.#................#
#...#.#................#
..#.#.#########.##.....#
#...#.# ##.##.....# #.....#
#...#####.# ......## #☼§§#
#.# #......# #§☼@# #.#
...###.# #§○°# #.#
....##.#######...#####.#
.....#....☼§§.(.).§§°..#
.......#).§☼○..!...§☼..#
.......##.§§☼.!...§☼§.##
.....#.#*#####...#####*
.....#.### #§§§# .........#
#○§°#


There were no monsters in sight!

Vanquished Creatures
  Crazy Yiuf (D:2)
  An orc wizard (D:3)
  4 adders
  A river rat (Sewer)
  A worm (D:3)
  A dart slug (D:2)
  6 leopard geckos
  5 orcs (D:3)
  4 ball pythons
  6 giant cockroaches
  11 goblins
  13 hobgoblins
  3 jackals (D:1)
  8 kobolds
  6 bats
  11 frilled lizards
  9 rats
91 creatures vanquished.

Notes
Turn   | Place    | Note
-------+----------+-------------------------------------------
     0 | D:1      | Birdy the Draconian Fighter began the quest for the Orb.
     0 | D:1      | Reached XP level 1. HP: 19/19 MP: 1/1
   374 | D:1      | Reached XP level 2. HP: 26/26 MP: 2/2
  1225 | D:2      | Reached XP level 3. HP: 23/33 MP: 3/3
  1463 | D:2      | Found a basalt altar of Yredelemnul.
  1687 | D:2      | Reached XP level 4. HP: 37/40 MP: 4/4
  2193 | D:2      | Found a runed translucent door.
  2194 | D:2      | Noticed Crazy Yiuf
  2203 | D:2      | Killed Crazy Yiuf
  2723 | D:3      | Noticed wampuh's ghost (weakling DsGl)
  2724 | D:3      | Found a transporter.
  2724 | D:3      | Noticed an ogre
  2729 | D:3      | Found a transporter.
  2942 | D:3      | Reached XP level 5. HP: 47/47 MP: 5/5
  2988 | D:3      | Found a glowing drain.
  2992 | Sewer    | Entered a sewer
  3837 | D:1      | Engulfed by a cloud of flame

Levels and vault maps discovered:
D:1:      eino_arrival_cavern_d, layout_basic, lemuel_flame_loot_1
D:2:      minmay_general_purpose_star, layout_basic, yredelemnul_altar_generic,
          uniq_crazy_yiuf_cottage, uniq_jessica
D:3:      layout_loops_cross, gammafunk_ghost_smash, gup_sewer_entry_spiral
D:4:      layout_layer_cave, lemuel_round_altar,
          minmay_temple_entry_statues_pillars, serial_shops,
          nicolae_shop_crystal, nicolae_shop_trees, kennysheep_little_box,
          nicolae_shop_waterfront, shop, led_sif_pool, uniq_pikel

Skill      XL: |  1  2  3  4 |
---------------+-------------+-----
Unarmed Combat | 3 4 |  4.9
Fighting       | 4 |  4.7
Dodging        | |  2.6
Shields        | |  3.0

Action                   |  1- 3 |  4- 6 || total
-------------------------+-------+-------++-------
Melee: Unarmed           |   139 |   215 ||   354
       Tailslap          |    13 |    17 ||    30
  Use: Potion            |     1 |     3 ||     4
       Scroll            |     2 |     3 ||     5
  Eat: Chunk             |     2 |     6 ||     8
Armor: Skin              |    22 |    39 ||    61
Dodge: Dodged            |    67 |    96 ||   163
Block: Shield            |    75 |   100 ||   175

Table legend:
 A = Non-vault XP
 B = Vault XP
 C = Vault XP percentage of total XP
 D = Non-vault monster count
 E = Vault monster count
 F = Vault count percentage of total count
                 A         B        C        D         E       F
            +---------+---------+-------+---------+---------+-------
      Total |     193 |      98 |  33.7 |      67 |      24 |  26.4
            +---------+---------+-------+---------+---------+-------
        D:1 |      26 |       0 |   0.0 |      15 |       0 |   0.0
        D:2 |      83 |      41 |  33.1 |      29 |       2 |   6.5
        D:3 |      84 |      19 |  18.4 |      23 |       8 |  25.8
      Sewer |       0 |      38 | 100.0 |       0 |      14 | 100.0
            +---------+---------+-------+---------+---------+-------
